 Dungeon Crawl Stone Soup version 0.18.1-50-g88ac8fd (webtiles) character file.

4910 Kokiki the Thaumaturge (level 10, 0/68 HPs)
             Began as a Mummy Necromancer on Sept 17, 2016.
             Was a Priest of Sif Muna.
             Slain by a seven-headed hydra (8 damage)
             ... on level 1 of the Lair of Beasts.
             The game lasted 01:14:11 (14693 turns).

Kokiki the Thaumaturge (Mummy Necromancer)         Turns: 14693, Time: 01:14:12

Health: 0/68       AC:  9    Str: 12    XL:     10   Next: 27%
Magic:  2/32       EV: 14    Int: 20    God:    Sif Muna [***...]
Gold:   33         SH:  4    Dex: 13    Spells: 9 memorised, 5 levels left

rFire  x . .     SeeInvis .     d - +3 dagger (protect)
rCold  + . .     Gourm    .     j - +1 robe {MR+}
rNeg   + + +     Faith    .     (no shield)
rPois  ∞         Spirit   .     (no helmet)
rElec  .         Dismiss  .     g - +0 cloak
rCorr  .         Reflect  +     (no gloves)
SustAt .         Harm     .     (no boots)
MR     ++...                    f - +4 amulet of reflection
Stlth  ++........               i - +3 ring of intelligence
                                o - ring of magical power

@: about to teleport, very resistant to hostile enchantments, unstealthy
A: no food or potions, fire vulnerability, cold resistance 1, negative energy
resistance 3, torment resistance, unbreathing
a: Channel Energy, Renounce Religion


You were on level 1 of the Lair of Beasts.
You worshipped Sif Muna.
Sif Muna was most pleased with you.
You were not hungry.

You visited 2 branches of the dungeon, and saw 10 of its levels.
You also visited: Ossuary.

You collected 497 gold pieces.
You spent 464 gold pieces at shops.

Inventory:

Hand Weapons
 d - a +3 dagger of protection (weapon)
 h - a cursed -1 dagger
Armour
 g - a +0 cloak (worn)
 j - a +1 robe of magic resistance (worn)
 m - a +2 robe of cold resistance
Jewellery
 f - a +4 amulet of reflection (around neck)
 i - a +3 ring of intelligence (right hand)
 k - a +3 ring of dexterity
 o - a ring of magical power (left hand)
Scrolls
 c - 3 scrolls of magic mapping
 e - 5 scrolls of remove curse
 n - a scroll of identify
 q - 2 scrolls of amnesia
Books
 b - a book of Necromancy

   Spells                             Type                      Level
   a - Pain                           Necromancy                   1
   b - Animate Skeleton               Necromancy                   1
   c - Vampiric Draining              Necromancy                   3
   d - Regeneration                   Charms/Necromancy            3
   e - Animate Dead                   Necromancy                   4
   f - Control Undead                 Necromancy                   4
 l - a book of Geomancy

   Spells                             Type                      Level
   a - Sandblast                      Earth                        1
   b - Passwall                       Transmutation/Earth          2
   c - Stone Arrow                    Conjuration/Earth            3
   d - Petrify                        Transmutation/Earth          4
   e - Lee's Rapid Deconstruction     Earth                        5
Miscellaneous
 p - a phial of floods (inert)


   Skills:
 + Level 2.6 Fighting
 + Level 1.0 Short Blades
 + Level 4.3 Dodging
 + Level 2.2 Stealth
 * Level 9.9 Spellcasting
 + Level 9.3 Necromancy
 * Level 2.3 Earth Magic


You had 5 spell levels left.
You knew the following spells:

 Your Spells              Type           Power        Failure   Level  Hunger
a - Pain                  Necr           ####         1%          1    N/A
b - Animate Skeleton      Necr           N/A          1%          1    N/A
c - Vampiric Draining     Necr           #####.....   1%          3    N/A
d - Animate Dead          Necr           N/A          1%          4    N/A
e - Control Undead        Necr           #####.....   1%          4    N/A
f - Stone Arrow           Conj/Erth      ##....       14%         3    N/A
g - Sandblast             Erth           ###...       2%          1    N/A
h - Passwall              Trmt/Erth      ##........   10%         2    N/A
i - Petrify               Trmt/Erth      ##......     45%         4    N/A

Dungeon Overview and Level Annotations

Branches:
Dungeon (9/15)             Temple (0/1) D:7            Lair (1/8) D:8
    Orc: D:9-12

Altars:
Ashenzari
Fedhas
Kikubaaqudgha
Nemelex Xobeh
Okawaru
Pakellas
Sif Muna
Yredelemnul
The Shining One

Shops:
D:6 =   D:7 [   D:8 :

Annotations:
D:3 Aleksmastering's ghost, amateur DsBe
D:5 Peloso's ghost, novice MiFi


Innate Abilities, Weirdness & Mutations

You do not eat or drink.
Your flesh is vulnerable to fire.
You are immune to poison.
Your flesh is cold resistant.
You are immune to negative energy.
You are immune to unholy pain and torment.
You can survive without breathing.


Message History

Casting: Vampiric Draining
Confirm with . or Enter, or press ? or * to list all spells.
Aiming: Vampiric Draining
Press: ? - help, Shift-Dir - straight line, f/p - seven-headed hydra
Aim: a seven-headed hydra The seven-headed hydra is lightly wounded.
You feel life coursing into your body. The seven-headed hydra bites you!
The seven-headed hydra bites you.
You block the seven-headed hydra's attack.
The seven-headed hydra bites you!
* * * LOW HITPOINT WARNING * * *
The seven-headed hydra bites you.
* * * LOW HITPOINT WARNING * * *
The seven-headed hydra bites you.
* * * LOW HITPOINT WARNING * * *
The seven-headed hydra completely misses you.
Read which item? (? for menu, Esc to quit)
As you read the scroll of teleportation, it crumbles to dust.
You feel strangely unstable. The seven-headed hydra bites you!
You die...

### ##P###### #####
##.......##
##...####...#.##.Z#######
#..........#####..##..#.#####
#..#.###.....###.............
... ###
##.....#.####.######## .
#...@### ### # #...D## #
#....P## ######
#......#########P#...
.###.###.##..###...........(
.........##..##P.###.####.[.
.##.##.####Z.###.# ### ##.#
.#....###...# #.# #...
...........###.## ##.#


You could see a seven-headed hydra and a friendly river rat zombie.

Vanquished Creatures
  A spiny frog (Lair:1)
  2 blink frogs (Lair:1)
  Grinder (D:3)
  A hippogriff (D:7)
  Edmund (D:6)
  A water moccasin (Lair:1)
  Duvessa (D:7)
  A black bear (D:7)
  2 sky beasts
  4 ice beasts
  4 ogres
  An elf zombie (Ossuary)
  Blork the orc (D:5)
  3 giant frogs
  Dowan (D:7)
  4 scorpions
  5 killer bees (D:7)
  2 howler monkeys (D:4)
  A crimson imp (D:8)
  8 orc priests
  2 giant frog skeletons (D:6)
  3 hounds
  Crazy Yiuf (D:3)
  An orc wizard (D:4)
  2 iguanas
  4 worker ants
  A big kobold zombie (Ossuary)
  A worker ant zombie (D:7)
  8 adders
  6 river rats (Lair:1)
  An ooze (D:3)
  2 adder zombies (Ossuary)
  An adder skeleton (D:6)
  4 worms
  5 giant geckos
  20 orcs
  2 ball pythons
  8 bats
  2 giant cockroaches (D:6)
  7 goblins
  A hobgoblin (D:3)
  9 jackals
  4 kobolds
  3 quokkas
  A giant gecko skeleton (D:8)
  9 giant newts
  2 goblin zombies (Ossuary)
  5 hobgoblin zombies (Ossuary)
  4 kobold zombies (Ossuary)
  5 orc zombies (Ossuary)
  7 rats
  A fungus (D:3)
177 creatures vanquished.

Vanquished Creatures (collateral kills)
  A spiny frog (Lair:1)
  A komodo dragon (Lair:1)
  A blink frog (Lair:1)
  A hippogriff (Lair:1)
  A water moccasin (Lair:1)
  2 phantoms (D:7)
  An elf zombie (Ossuary)
  A scorpion (D:7)
  A centaur zombie (Ossuary)
  A quasit (D:8)
  A hound (D:6)
  A human zombie (Ossuary)
  An orc priest (D:8)
  An iguana (D:7)
  A worker ant (D:4)
  A big kobold zombie (Ossuary)
  2 mummies (Ossuary)
  An adder (D:7)
  3 river rats (Lair:1)
  A shadow imp (D:5)
  3 orcs
  A quokka (D:6)
  A ball python skeleton (D:4)
  A giant newt (D:1)
  2 hobgoblin zombies (Ossuary)
  3 kobold zombies (Ossuary)
  7 orc zombies (Ossuary)
  A fungus (D:3)
43 creatures vanquished.

Vanquished Creatures (others)
  A centaur (D:7)
  An orc (D:6)
2 creatures vanquished.

Grand Total: 222 creatures vanquished

Notes
Turn   | Place    | Note
--------------------------------------------------------------
     0 | D:1      | Kokiki the Mummy Necromancer began the quest for the Orb.
     0 | D:1      | Reached XP level 1. HP: 13/13 MP: 3/3
     2 | D:1      | Learned a level 1 spell: Animate Skeleton
   107 | D:1      | Found a shattered altar of Ashenzari.
   210 | D:1      | Reached XP level 2. HP: 19/19 MP: 1/5
  1601 | D:3      | Noticed Grinder
  1609 | D:3      | Reached XP level 3. HP: 24/24 MP: 4/6
  2003 | D:3      | Learned a level 3 spell: Vampiric Draining
  2085 | D:3      | Noticed Aleksmastering's ghost (amateur DsBe)
  2269 | D:3      | Paralysed by Grinder for 3 turns
  2975 | D:3      | Reached skill level 5 in Necromancy
  3023 | D:3      | Paralysed by Grinder for 7 turns
  3291 | D:3      | Noticed Crazy Yiuf
  3313 | D:3      | Killed Crazy Yiuf
  3313 | D:3      | Reached XP level 4. HP: 17/31 MP: 0/8
  3619 | D:3      | You fall through a shaft!
  3731 | D:4      | Learned a level 4 spell: Animate Dead
  4070 | D:4      | Found a sparkling altar of Nemelex Xobeh.
  4259 | D:4      | Reached XP level 5. HP: 30/36 MP: 1/9
  4336 | D:4      | Noticed an ogre
  4386 | D:4      | Killed an ogre
  4386 | D:4      | Reached skill level 1 in Fighting
  4532 | D:4      | Reached XP level 6. HP: 43/43 MP: 0/11
  4591 | D:5      | Entered Level 5 of the Dungeon
  4591 | D:5      | Noticed Peloso's ghost (novice MiFi)
  4930 | D:3      | Killed Grinder
  5655 | D:2      | Reached XP level 7. HP: 32/48 MP: 5/13
  5721 | D:2      | Learned a level 4 spell: Control Undead
  5915 | D:5      | Found a basalt altar of Yredelemnul.
  5917 | D:5      | Noticed a profane servitor
  5936 | D:5      | Found a glowing golden altar of the Shining One.
  5938 | D:5      | Noticed an angel
  7436 | D:6      | Reached skill level 1 in Short Blades
  7462 | D:6      | Reached skill level 5 in Spellcasting
  7764 | D:6      | Found a sand-covered staircase.
  7782 | Ossuary  | Entered an ossuary
  7986 | Ossuary  | Reached XP level 8. HP: 44/54 MP: 16/16
  8235 | D:6      | Found Ejellipt's Jewellery Emporium.
  8435 | D:6      | Bought a +3 ring of intelligence for 204 gold pieces
  8453 | D:6      | Noticed Edmund
  8491 | D:6      | Killed Edmund
  8955 | D:6      | Found a deep blue altar of Sif Muna.
  8958 | D:6      | Became a worshipper of Sif Muna the Loreminder
  9061 | D:7      | Found a blossoming altar of Fedhas.
  9063 | D:7      | Found an ancient bone altar of Kikubaaqudgha.
  9077 | D:7      | Found Neat's Antique Armour Emporium.
  9295 | D:7      | Noticed Duvessa
  9300 | D:7      | Noticed Dowan
  9561 | D:7      | Killed Duvessa
  9729 | D:6      | Learned a level 3 spell: Stone Arrow
  9732 | D:6      | Learned a level 1 spell: Sandblast
  9756 | D:7      | Killed Dowan
 10131 | D:7      | Found a staircase to the Ecumenical Temple.
 10286 | D:7      | Reached XP level 9. HP: 32/62 MP: 10/20
 10346 | D:7      | Learned a level 2 spell: Passwall
 10376 | D:7      | Found an iron altar of Okawaru.
 10384 | D:7      | Reached * piety under Sif Muna
 10859 | D:7      | Found an oddly glowing altar of Pakellas.
 11188 | D:5      | Noticed Blork the orc
 11205 | D:5      | Killed Blork the orc
 11796 | D:4      | You fall through a shaft for 3 floors!
 12215 | D:7      | Reached skill level 1 in Earth Magic
 12852 | D:8      | Found Muojaeg's Book Shoppe.
 13088 | D:8      | Learned a level 4 spell: Petrify
 13105 | D:8      | Reached ** piety under Sif Muna
 13174 | D:8      | Found a staircase to the Lair.
 13885 | D:6      | Bought an uncursed ring of magical power for 260 gold pieces
 13992 | Lair:1   | Entered Level 1 of the Lair of Beasts
 14177 | Lair:1   | Reached XP level 10. HP: 31/68 MP: 10/23
 14396 | Lair:1   | Noticed a spiny frog
 14408 | Lair:1   | Killed a spiny frog
 14590 | Lair:1   | Noticed a spiny frog
 14605 | Lair:1   | Killed a spiny frog
 14605 | Lair:1   | Reached *** piety under Sif Muna
 14662 | Lair:1   | Noticed a seven-headed hydra
 14693 | Lair:1   | Slain by a seven-headed hydra

Skill      XL: |  1  2  3  4  5  6  7  8  9 |
---------------+----------------------------+-----
Necromancy     | 5 6 7 8 9 |  9.3
Spellcasting   | 3 4 5 7 9 |  9.9
Dodging        | 2 3 4 |  4.3
Fighting       | 1 2 |  2.6
Short Blades   | 1 |  1.0
Stealth        | 2 |  2.2
Earth Magic    | 2 |  2.3

Action                   |  1- 3 |  4- 6 |  7- 9 | 10-12 || total
-------------------------+-------+-------+-------+-------++-------
Melee: Unarmed           |     6 |       |       |       ||     6
       Dagger            |    96 |    78 |   275 |    11 ||   460
 Cast: Pain              |    52 |    60 |   258 |    28 ||   398
       Animate Skeleton  |    15 |     6 |       |       ||    21
       Vampiric Draining |     5 |     8 |    48 |    15 ||    76
       Animate Dead      |       |     5 |    38 |     5 ||    48
       Control Undead    |       |       |    18 |       ||    18
       Stone Arrow       |       |       |     4 |       ||     4
       Passwall          |       |       |     2 |       ||     2
Invok: Channel Energy    |       |       |     3 |     1 ||     4
Evoke: Phial of floods   |       |       |       |     1 ||     1
  Use: Scroll            |     7 |     5 |     6 |     1 ||    19
Armor: Robe              |    13 |    26 |   141 |     7 ||   187
Dodge: Dodged            |    60 |    48 |   279 |    27 ||   414
Block: Other             |    10 |    12 |    71 |     8 ||   101
       Reflection        |       |       |     3 |       ||     3
